 Dungeon Crawl Stone Soup version 0.27-a0-1586-gd5c625afe7 (webtiles) character file.

Game seed: 6485322894348605281

101 Feb132020 the Digger (level 4, -2/24 HPs)
             Began as a Gargoyle Earth Elementalist on July 18, 2021.
             Slain by a lemure (8 damage)
             ... led by Pikel
             ... on level 4 of the Dungeon.
             The game lasted 00:09:44 (3288 turns).

Feb132020 the Digger (Gargoyle Earth Elementalist)  Turns: 3288, Time: 00:09:45

Health: -2/24      AC:  5    Str: 11    XL:     4   Next: 75%
Magic:  8/8        EV: 12    Int: 17    God:
Gold:   119        SH:  0    Dex: 10    Spells: 3/9 levels left

rFire    . . .     SeeInvis .   m - +0 club
rCold    . . .     Faith    .   (no shield)
rNeg     + . .     Spirit   .   b - +0 robe
rPois    ∞         Reflect  .   (no helmet)
rElec    +         Harm     .   (no cloak)
rCorr    .         Rampage  .   (no gloves)
Will     .....                  (no boots)
Stlth    +.........             (no amulet)
HPRegen  0.08/turn              (no ring)
MPRegen  0.11/turn              (no ring)

@: confused
A: sickness immunity, AC +3, negative energy resistance 1, electricity
resistance, torment resistance 1, petrification resistance
a: no special abilities


You were on level 4 of the Dungeon.
You visited 1 branch of the dungeon, and saw 4 of its levels.

You collected 119 gold pieces.

Inventory:

Hand Weapons
 j - a +0 hand axe
 m - a +0 club (weapon)
Missiles
 c - 58 stones
Armour
 b - a +0 robe (worn)
Scrolls
 a - a scroll of blinking
 d - 2 scrolls of torment
 h - a scroll of teleportation
 i - a scroll of identify
 l - a scroll of noise
 n - a scroll of magic mapping {unknown}
 o - a scroll of immolation {unknown}
Potions
 e - a potion of ambrosia {unknown}
 f - a potion of heal wounds {unknown}
 g - a potion of haste {unknown}
 k - a potion of curing {unknown}


   Skills:
 + Level 0.1 Fighting
 + Level 1.7 Dodging
 + Level 2.5 Stealth
 + Level 3.0 Spellcasting
 + Level 0.7 Transmutations
 + Level 5.3 Earth Magic


You had 3 spell levels left.
You knew the following spells:

 Your Spells              Type           Power      Damage    Failure   Level
a - Sandblast             Erth           40%        2d10      1%          1
b - Stone Arrow           Conj/Erth      22%        3d8       17%         3
p - Passwall              Tmut/Erth      10%        N/A       8%          2

Your spell library contained the following spells:

 Spells                   Type           Power      Damage    Failure   Level
 Mephitic Cloud           Conj/Pois/Air  2%         N/A       45%         3
 Petrify                  Tmut/Erth      12%        N/A       45%         4
 Summon Lightning Spire   Summ/Air       2%         N/A       86%         4
 Dispersal                Tloc           1%         N/A       100%        6


Dungeon Overview and Level Annotations

Branches:
Dungeon (4/15)
 Temple: D:4-7

Altars:
Kikubaaqudgha

Annotations:
D:2 Terence
D:4 Menkaure, Pikel


Innate Abilities, Weirdness & Mutations

You are immune to sickness and miasma.
Your stone body is resilient. (AC +3)
You are immune to poison.
You resist negative energy. (rN+)
You are resistant to electric shocks. (rElec)
You are resistant to unholy torment.
You are immune to petrification.


Message History

You barely miss the hobgoblin.
The hobgoblin is severely wounded.
The hobgoblin misses you.
The hobgoblin hits you but does no damage.
You closely miss the hobgoblin.
The hobgoblin is severely wounded.
The hobgoblin hits you.
You hit the hobgoblin.
You kill the hobgoblin!
Found 13 stones.
o - a scroll labelled QYLE NOLO An endoplasm and Menkaure come into view. 2 lemures and Pikel come into view.
Pikel is wielding a +2 whip of freezing and carrying a wand of charming (10).
Pikel shouts!
The lemure shouts! x2
A lemure comes into view.
Pikel zaps a wand.
Your will is overpowered!
You are confused.
Unknown command.
A lemure comes into view.
You bump into the rock wall.
Unknown command.
The lemure shouts!
You feel less confused. The lemure closely misses you.
Casting: Sandblast (safe; 1% risk of failure)
Confirm with . or Enter, or press ? or * to list all spells.
The spell is extremely dangerous to cast (17% risk of failure)!
Continue anyway?
Okay, then.
The lemure hits you.
Found a scroll labelled HOUKLOU HOGY.
Pikel hits you with a +2 whip of freezing!
Ouch! That really hurt!
Pikel freezes you.
* * * LOW HITPOINT WARNING * * *
Pikel zaps a wand.
Your will is overpowered!
You are confused.
The lemure closely misses you. The lemure hits you!
You die...

.. .. ... #.# # . ...#### ?.
.#.. ...... .##....
....##.....#.....###
#.........##......##
##.................# ##5
#...@..............##
.##..##..5K5......#.......#
........5........#........
........5................
##....................... .
##...#..........#.##....
..###...#........###.#.....
#................####.#.....
....#...###......###....)...


You could see Pikel and 4 lemures.

Vanquished Creatures
  6 adders
  6 ball pythons
  A bat (D:1)
  2 endoplasms
  2 giant cockroaches
  4 goblins
  4 hobgoblins
  3 jackals (D:1)
  A quokka (D:2)
  14 frilled lizards
  4 kobolds
  A rat (D:2)
48 creatures vanquished.

Vanquished Creatures (others)
  5 plants (D:1)
5 creatures vanquished.

Grand Total: 53 creatures vanquished

Notes
Turn   | Place    | Note
-------+----------+-------------------------------------------
     0 | D:1      | Feb132020 the Gargoyle Earth Elementalist began the quest
                  | for the Orb.
     0 | D:1      | Reached XP level 1. HP: 10/10 MP: 3/3
   156 | D:1      | Reached skill level 4 in Earth Magic
   297 | D:1      | Reached XP level 2. HP: 15/15 MP: 3/5
   846 | D:1      | Learned a level 2 spell: Passwall
  1305 | D:2      | Reached XP level 3. HP: 19/19 MP: 4/6
  1497 | D:1      | Found a faded altar of an unknown god.
  1789 | D:2      | Reached skill level 5 in Earth Magic
  1789 | D:2      | Reached XP level 4. HP: 24/24 MP: 2/8
  1894 | D:2      | Found an ancient bone altar of Kikubaaqudgha.
  2134 | D:2      | Noticed Terence
  2957 | D:3      | Learned a level 3 spell: Stone Arrow
  3004 | D:3      | Got Ymiw's Incunabulum of Twisted Flight
  3268 | D:4      | Noticed Menkaure
  3275 | D:4      | Noticed Pikel
  3275 | D:4      | Noticed a lemure
  3275 | D:4      | Noticed a lemure
  3276 | D:4      | Noticed a lemure
  3277 | D:4      | Noticed a lemure
  3288 | D:4      | Slain by a lemure

Illustrated notes

Levels and vault maps discovered:
D:1:      mushboom_english_gardens, layout_basic,
          shapermc_ecumenical_altar_petra, minmay_lizard_king
D:2:      layout_basic, basic_altar, uniq_terence
D:3:      layout_rooms, mainiacjoe_overflow_catwalk,
          gammafunk_temple_overflow_wave
D:4:      layout_cave_pools, yredelemnul_altar_generic,
          minmay_temple_entry_mist, uniq_menkaure, uniq_pikel

Skill      XL: |  1  2  3  4 |
---------------+-------------+-----
Earth Magic    | 4 5 |  5.3
Spellcasting   | 3 |  3.0
Fighting       | |  0.1
Dodging        | |  1.7
Stealth        | |  2.5
Transmutations | |  0.7

Action                   |  1- 3 |  4- 6 || total
-------------------------+-------+-------++-------
Melee: Hand axe          |    13 |    32 ||    45
       Club              |       |    27 ||    27
 Cast: Sandblast         |    46 |     8 ||    54
  Use: Scroll            |     1 |     3 ||     4
 Stab: Sleeping          |     2 |     5 ||     7
       Distracted        |       |     1 ||     1
Armor: Robe              |     7 |    23 ||    30
Dodge: Dodged            |    15 |    56 ||    71

Table legend: (Time is in decaauts)
 A = Elapsed time spent in this place.
 B = Non-inter-level travel time spent in this place.
 C = Inter-level travel time spent in this place.
 D = Time resting spent in this place.
 E = Time spent auto-exploring this place.
 F = Levels seen in this place.
 G = Mean time per level.
                   A        B        C        D        E       F      G
               +--------+--------+--------+--------+--------+-----+--------+
         Total |   3310 |   3044 |    266 |    142 |   2501 |   4 |  827.5 |
       Dungeon |   3310 |   3044 |    266 |    142 |   2501 |   4 |  827.5 |
               +--------+--------+--------+--------+--------+-----+--------+

Top non-repeatable levels by time:
     D:1: 1510 daAuts
     D:2: 1435 daAuts
     D:4: 202 daAuts
     D:3: 163 daAuts
